 Dungeon Crawl Stone Soup version 0.26.1-11-gd32895ea62 (webtiles) character file.

Game seed: 13491113614653690982

202 Almogavar the Slinger (level 6, -1/40 HPs)
             Began as a Halfling Hunter on May 18, 2021.
             Slain by Natasha (3 damage)
             ... on level 2 of the Dungeon.
             The game lasted 00:05:51 (2762 turns).

Almogavar the Slinger (Halfling Hunter)             Turns: 2762, Time: 00:05:52

Health: -1/40      AC:  8    Str: 14    XL:     6   Next: 8%
Magic:  6/6        EV: 15    Int:  9    God:
Gold:   110        SH:  0    Dex: 16    Spells: 5/5 levels left

rFire    . . .     SeeInvis .   b - +0 short sword
rCold    . . .     Faith    .   (shield restricted)
rNeg     . . .     Spirit   .   c - +0 leather armour
rPois    .         Reflect  .   m - +0 helmet (curse)
rElec    .         Harm     .   f - +0 cloak
rCorr    .         Rampage  .   i - +2 pair of gloves
Will     .....                  (no boots)
Stlth    ++........             k - amulet of magic regeneration
HPRegen  0.13/turn              o - ring of wizardry
MPRegen  0.35/turn              (no ring)

@: slowed, very slow
A: small, mutation resistance 1
a: no special abilities


You were on level 2 of the Dungeon.
You visited 1 branch of the dungeon, and saw 3 of its levels.

You collected 110 gold pieces.

Inventory:

Hand Weapons
 a - a +3 hunting sling
 b - a +0 short sword (weapon)
Missiles
 d - 33 sling bullets
 e - 34 stones (quivered)
Armour
 c - a +0 leather armour (worn)
 f - a +0 cloak (worn)
 i - a +2 pair of gloves (worn)
 m - a cursed +0 helmet (worn)
 n - a +0 chain mail
Jewellery
 k - an amulet of magic regeneration (around neck)
 o - a ring of wizardry (left hand)
Scrolls
 g - a scroll of noise {unknown}
 j - a scroll of magic mapping
 l - a scroll of teleportation
 p - 2 scrolls of fear
 r - a scroll of random uselessness {unknown}
 t - a scroll of remove curse {unknown}
 u - a scroll of identify
Potions
 h - a potion of curing
 q - 3 potions of lignification
 s - a potion of mutation {unknown}


   Skills:
 + Level 2.3 Fighting
 + Level 0.3 Short Blades
 + Level 9.0 Slings
 + Level 1.3 Armour
 + Level 2.4 Dodging
 + Level 1.4 Stealth


You had 5 spell levels left.
You didn't know any spells.
Your spell library was empty.

Dungeon Overview and Level Annotations

Branches:
Dungeon (3/15)

Altars:

Annotations:
D:2 Natasha


Innate Abilities, Weirdness & Mutations

You are small and have problems with some larger weapons.
You are somewhat resistant to further mutation.


Message History

There is a stone staircase leading up here.
The white imp gestures at you. The puff of frost misses you.
The crimson imp hits you but does no damage.
Natasha zaps a wand.
The puff of flame hits you!
* * * LOW HITPOINT WARNING * * *
The crimson imp blinks!
You climb upwards.
The crimson imp disappears in a puff of smoke!
The white imp disappears in a puff of smoke!
There is a stone staircase leading down here.
You hit Natasha.
Natasha is moderately wounded.
Natasha zaps a wand.
The puff of flame hits you!
* * * LOW HITPOINT WARNING * * *
Natasha claws you but does no damage.
You hit Natasha.
Natasha is severely wounded.
Natasha closely misses you. Natasha claws you.
You die...

#...# ###'###
#...############.#
##..)............#
#........########
#........# #######
#........# #.....#
#........# #.....#
#.h#######
#.....#####.@####
#.........#.....#
###
####......#.....#
#.. #......#.....#
#.. #............#
#.. #......#.....#
#.. #####.########
#.. #.# #.. #.#
#..


You could see Natasha.

Vanquished Creatures
  A hound (D:3)
  Natasha (D:3)
  4 gnolls
  3 adders
  4 oozes
  2 worms
  3 dart slugs
  An orc (D:3)
  3 giant cockroaches
  8 goblins
  3 hobgoblins
  3 jackals (D:1)
  5 kobolds
  A quokka (D:2)
  3 ball pythons
  5 bats
  2 frilled lizards (D:1)
  7 rats
59 creatures vanquished.

Notes
Turn   | Place    | Note
-------+----------+-------------------------------------------
     0 | D:1      | Almogavar the Halfling Hunter began the quest for the Orb.
     0 | D:1      | Reached XP level 1. HP: 14/14 MP: 1/1
    70 | D:1      | Reached skill level 6 in Slings
    70 | D:1      | Reached XP level 2. HP: 15/19 MP: 2/2
   395 | D:1      | Reached XP level 3. HP: 24/24 MP: 3/3
  1154 | D:2      | Reached skill level 7 in Slings
  1484 | D:2      | Reached XP level 4. HP: 22/29 MP: 4/4
  2091 | D:3      | Reached skill level 8 in Slings
  2110 | D:2      | Reached XP level 5. HP: 15/34 MP: 5/5
  2658 | D:3      | Noticed Natasha
  2669 | D:3      | Killed Natasha
  2670 | D:3      | Reached skill level 1 in Armour
  2670 | D:3      | Reached XP level 6. HP: 31/40 MP: 6/6
  2721 | D:3      | Reached skill level 9 in Slings
  2747 | D:3      | Noticed Natasha
  2761 | D:2      | HP: 2/40 [Natasha/puff of flame (11)]
  2762 | D:2      | Slain by Natasha

Illustrated notes

Levels and vault maps discovered:
D:1:      kennysheep_arrival_forest, layout_basic, chequers_serial_rivers_room_a
D:2:      layout_basic
D:3:      layout_rooms, lemuel_blue_sif_altar, uniq_natasha

Skill      XL: |  1  2  3  4  5  6 |
---------------+-------------------+-----
Slings         | 6 7 8 9 |  9.0
Fighting       | 2 |  2.3
Armour         | 1 |  1.3
Short Blades   | |  0.3
Dodging        | |  2.4
Stealth        | |  1.4

Action                   |  1- 3 |  4- 6 || total
-------------------------+-------+-------++-------
Melee: Short sword       |       |     6 ||     6
 Fire: Hunting sling     |    88 |   126 ||   214
  Use: Scroll            |     3 |     2 ||     5
Armor: Leather armour    |     8 |    15 ||    23
Dodge: Dodged            |    17 |    31 ||    48
